 Dungeon Crawl Stone Soup version 0.28.0 (webtiles) character file.

Game seed: 11829092708519806909

295 DungeonDestroyer the Shield-Bearer (level 6, -2/53 HPs)
             Began as a Gnoll Fighter on Feb 10, 2022.
             Slain by Grinder (5 damage)
             ... while paralysed by Grinder
             ... on level 3 of the Dungeon on Feb 11, 2022.
             The game lasted 00:06:08 (2473 turns).

DungeonDestroyer the Shield-Bearer (Gnoll Fighter)  Turns: 2473, Time: 00:06:08

Health: -2/53      AC:  7    Str: 16 (17) XL:     6   Next: 34%
Magic:  8/8        EV:  2    Int:  5 (8)  God:
Gold:   89         SH:  0    Dex:  8 (11) Spells: 8/8 levels left

rFire   . . .      SeeInvis .   a - +0 war axe
rCold   . . .      Faith    .   c - +1 buckler
rNeg    . . .      Spirit   .   b - +0 scale mail
rPois   .          Reflect  .   (no helmet)
rElec   .          Harm     .   (no cloak)
rCorr   .          Rampage  .   (no gloves)
Will    .....                   (no boots)
Stlth   ..........              (no amulet)
HPRegen 0.17/turn               (no ring)
MPRegen 0.11/turn               (no ring)

@: paralysed
A: fangs 1, strong nose, distributed training
a: no special abilities


You were on level 3 of the Dungeon.
You visited 1 branch of the dungeon, and saw 3 of its levels.

You collected 89 gold pieces.

Inventory:

Hand Weapons
 a - a +0 war axe (weapon)
Missiles
 e - 59 stones (quivered)
 f - 28 arrows
 j - 18 bolts
Armour
 b - a +0 scale mail (worn)
 c - a +1 buckler (worn)
Wands
 o - a wand of flame (21)
Scrolls
 l - a scroll of brand weapon {unknown}
 m - a scroll of holy word {unknown}
 n - a scroll of fear
Potions
 d - a potion of degeneration
 h - a potion of lignification {unknown}
 i - a potion of curing {unknown}
 k - a potion of flight {unknown}


   Skills:
 + Level 6.8 Fighting
 + Level 1.9 Short Blades
 + Level 1.9 Long Blades
 + Level 5.0 Axes
 + Level 1.9 Maces & Flails
 + Level 1.9 Polearms
 + Level 1.9 Staves
 + Level 1.9 Slings
 + Level 1.9 Bows
 + Level 1.9 Crossbows
 + Level 1.9 Throwing
 + Level 6.8 Armour
 + Level 1.9 Dodging
 + Level 1.9 Stealth
 + Level 6.8 Shields
 + Level 1.9 Unarmed Combat
 + Level 1.9 Spellcasting
 + Level 1.5 Conjurations
 + Level 1.5 Hexes
 + Level 1.5 Summonings
 + Level 1.5 Necromancy
 + Level 1.5 Translocations
 + Level 1.5 Transmutations
 + Level 1.5 Fire Magic
 + Level 1.5 Ice Magic
 + Level 1.5 Air Magic
 + Level 1.5 Earth Magic
 + Level 1.5 Poison Magic
 + Level 2.1 Invocations
 + Level 1.9 Evocations


You had 8 spell levels left.
You didn't know any spells.
Your spell library was empty.

Dungeon Overview and Level Annotations

Branches:
Dungeon (3/15)

Altars:
Dithmenos
Uskayaw

Shops:
D:3 (=(

Annotations:
D:3 1 runed translucent door, Crazy Yiuf, Grinder


Innate Abilities, Weirdness & Mutations

You have very sharp teeth.
Your uncanny sense of smell can sniff out nearby items.
Your experience applies equally to all skills.


Message History

You hit Grinder.
Grinder is heavily wounded.
Grinder gestures at you. Pain shoots through your body!
You closely miss Grinder. Your bite misses Grinder.
Grinder is heavily wounded.
Grinder gestures at you. You resist with significant effort.
You slash Grinder!
Grinder is heavily wounded.
Grinder gestures at you. Pain shoots through your body!
* * * LOW HITPOINT WARNING * * *
Grinder closely misses you.
You slash Grinder!
Grinder is almost dead.
Grinder blinks!
Grinder blinks!
Unknown command.
You hit Grinder.
Grinder is almost dead.
Grinder barely misses you.
You closely miss Grinder.
Grinder is almost dead.
Grinder hits you.
* * * LOW HITPOINT WARNING * * *
You writhe in agony.
* * * LOW HITPOINT WARNING * * *
Grinder gestures at you.
You suddenly lose the ability to move!
Grinder hits you.
* * * LOW HITPOINT WARNING * * *
Grinder says, "FISH!"
Grinder gestures at you.
You shrug off the repeated paralysis!
Grinder hits you but does no damage. Grinder hits you.
* * * LOW HITPOINT WARNING * * *
You writhe in agony.
You die...

.## .# ∆∆ # ..#
<# # #.# .###
### # #.##...#
..#.# #.
#......### <...#
#.##.....>..#
...##
####...........#
...#
.........@.)...#
...#
######.##5..###
.... #.# ...∩.∩#
.#.###########.#
#......
.#...........#.#
#.∩.∩.
...#########.#.#
##### # ##.#.# #
####....# #
#.......#


You could see Grinder.

Vanquished Creatures
  Sigmund (D:2)
  An orc priest (D:3)
  A bullfrog skeleton (D:3)
  A gnoll (D:1)
  2 adders (D:2)
  A worm (D:2)
  A dart slug (D:1)
  2 orcs (D:3)
  A ball python (D:1)
  11 endoplasms
  4 giant cockroaches
  6 goblins
  A hobgoblin (D:3)
  2 jackals (D:2)
  A kobold (D:3)
  3 quokkas
  7 bats
  A frilled lizard (D:1)
  7 rats
54 creatures vanquished.

Notes
Turn   | Place    | Note
-------+----------+-------------------------------------------
     0 | D:1      | DungeonDestroyer the Gnoll Fighter began the quest for the
                  | Orb.
     0 | D:1      | Reached XP level 1. HP: 23/23 MP: 1/1
   161 | D:1      | Reached XP level 2. HP: 14/29 MP: 2/2
   441 | D:1      | Reached XP level 3. HP: 35/35 MP: 3/3
   806 | D:1      | Reached skill level 1 in Invocations
  1046 | D:1      | Found a faded altar of an unknown god.
  1193 | D:2      | Noticed Sigmund
  1204 | D:2      | Killed Sigmund
  1205 | D:2      | Reached skill level 1 in Short Blades
  1205 | D:2      | Reached skill level 1 in Long Blades
  1205 | D:2      | Reached skill level 1 in Maces & Flails
  1205 | D:2      | Reached skill level 1 in Polearms
  1205 | D:2      | Reached skill level 1 in Staves
  1205 | D:2      | Reached skill level 1 in Slings
  1205 | D:2      | Reached skill level 1 in Bows
  1205 | D:2      | Reached skill level 1 in Crossbows
  1205 | D:2      | Reached skill level 1 in Throwing
  1205 | D:2      | Reached skill level 1 in Dodging
  1205 | D:2      | Reached skill level 1 in Stealth
  1205 | D:2      | Reached skill level 1 in Unarmed Combat
  1205 | D:2      | Reached skill level 1 in Spellcasting
  1205 | D:2      | Reached skill level 1 in Conjurations
  1205 | D:2      | Reached skill level 1 in Hexes
  1205 | D:2      | Reached skill level 1 in Summonings
  1205 | D:2      | Reached skill level 1 in Necromancy
  1205 | D:2      | Reached skill level 1 in Translocations
  1205 | D:2      | Reached skill level 1 in Transmutations
  1205 | D:2      | Reached skill level 1 in Fire Magic
  1205 | D:2      | Reached skill level 1 in Ice Magic
  1205 | D:2      | Reached skill level 1 in Air Magic
  1205 | D:2      | Reached skill level 1 in Earth Magic
  1205 | D:2      | Reached skill level 1 in Poison Magic
  1205 | D:2      | Reached skill level 1 in Evocations
  1205 | D:2      | Reached XP level 4. HP: 28/41 MP: 4/6
  1205 | D:2      | Reached XP level 5. HP: 32/47 MP: 4/7
  1818 | D:2      | Reached XP level 6. HP: 51/53 MP: 8/8
  1928 | D:3      | Found Lizi's Jewellery Emporium.
  1932 | D:3      | Found Faenn's Antique Weapon Emporium.
  2207 | D:3      | Found a hide-covered altar of Uskayaw.
  2236 | D:3      | Found a runed translucent door.
  2237 | D:3      | Noticed Crazy Yiuf
  2411 | D:3      | Found a shadowy altar of Dithmenos.
  2450 | D:3      | Noticed Grinder
  2453 | D:3      | Found Fagreute's Weapon Shoppe.
  2461 | D:3      | Reached skill level 5 in Axes
  2469 | D:3      | Paralysed by Grinder for 5 turns
  2473 | D:3      | Slain by Grinder

Illustrated notes

Levels and vault maps discovered:
D:1:      erik_arrival_orb_chamber, layout_loops_ring,
          shapermc_ecumenical_altar_mp_highgroup
D:2:      layout_basic, grunt_decor_fettered, st_stairs_7,
          amcnicky_mini_pool_small, uniq_sigmund
D:3:      kennysheep_the_goblin_king, layout_loops_ring, grunt_dithmenos_smoke,
          minitemple, lemuel_tele_altar, serial_shops, shop_statue,
          nicolae_shop_competitors_out_of_business, shop,
          uniq_crazy_yiuf_cottage, uniq_grinder

Skill      XL: |  1  2  3  4  5  6 |
---------------+-------------------+-----
Invocations    | 1 2 |  2.1
Short Blades   | 1 |  1.9
Long Blades    | 1 |  1.9
Maces & Flails | 1 |  1.9
Polearms       | 1 |  1.9
Staves         | 1 |  1.9
Slings         | 1 |  1.9
Bows           | 1 |  1.9
Crossbows      | 1 |  1.9
Throwing       | 1 |  1.9
Dodging        | 1 |  1.9
Stealth        | 1 |  1.9
Unarmed Combat | 1 |  1.9
Spellcasting   | 1 |  1.9
Conjurations   | 1 |  1.5
Hexes          | 1 |  1.5
Summonings     | 1 |  1.5
Necromancy     | 1 |  1.5
Translocations | 1 |  1.5
Transmutations | 1 |  1.5
Fire Magic     | 1 |  1.5
Ice Magic      | 1 |  1.5
Air Magic      | 1 |  1.5
Earth Magic    | 1 |  1.5
Poison Magic   | 1 |  1.5
Evocations     | 1 |  1.9
Axes           | 5 |  5.0
Fighting       | |  6.8
Armour         | |  6.8
Shields        | |  6.8

Action                   |  1- 3 |  4- 6 || total
-------------------------+-------+-------++-------
Melee: War axe           |    76 |    75 ||   151
       Bite              |     6 |    11 ||    17
  Use: Scroll            |     4 |     1 ||     5
       Potion            |     1 |     2 ||     3
Armor: Scale mail        |    32 |    37 ||    69
Dodge: Dodged            |    30 |    25 ||    55
Block: Buckler           |    18 |    21 ||    39
